[Event "ICC tourney 2530 (3 2)"]
[Site "Internet Chess Club"]
[Date "2021.04.23"]
[Round "7"]
[White "ZHU, AIDEN:K09-30141156"]
[Black "VENKATESH NATARAJAN, ARAVINTH:K12-17300200"]
[Result "0-1"]
[ICCResult "White resigns"]
[WhiteElo "1400"]
[BlackElo "1400"]
[Opening "KP: Nimzovich defense"]
[ECO "B00"]
[NIC "VO.04"]
[Time "19:47:19"]
[PlyCount "50"]
[TimeControl "180+2"]

1. e4 Nc6 2. d4 e5 3. d5 Nce7 4. Nf3 Ng6 5. Be3 Nf6 6. Bc4 Nxe4 7. Qd3 f5
8. Nc3 Bb4 9. a3 Bxc3+ 10. bxc3 d6 11. Bb5+ Bd7 12. Bxd7+ Qxd7 13. Ng5 Nxg5
14. Bxg5 O-O 15. O-O f4 16. Rfe1 Qg4 17. h3 Qxg5 18. Rad1 f3 19. Qf1 Nf4
20. h4 Qxg2+ 21. Qxg2 Nxg2 22. h5 Rf4 23. Rd2 Raf8 24. Red1 Rg4 25. Rc1 Rf5
{ White resigns } 0-1

[Event "ICC tourney 2530 (3 2)"]
[Site "Internet Chess Club"]
[Date "2021.04.23"]
[Round "7"]
[White "TAY, BRIAN:K09-15880655"]
[Black "GELDIYEV, MEKAN:K12-30158418"]
[Result "1-0"]
[ICCResult "Black checkmated"]
[WhiteElo "1400"]
[BlackElo "1400"]
[Opening "Petrov: modern (Steinitz) attack"]
[ECO "C43"]
[NIC "RG.01"]
[Time "19:47:04"]
[PlyCount "43"]
[TimeControl "180+2"]

1. e4 e5 2. Nf3 Nf6 3. d4 exd4 4. e5 Qe7 5. Qxd4 Nc6 6. Qf4 Nd5 7. Qc4 Nb6
8. Qf4 Nd5 9. Qg3 f6 10. Bc4 Qb4+ 11. Nbd2 Nb6 12. Bb3 Na5 13. exf6 gxf6
14. O-O Bd6 15. Qg7 Rf8 16. Re1+ Be7 17. Ne4 Nxb3 18. axb3 Nd5 19. Bh6 f5
20. Qxf8+ Bxf8 21. Nd6+ Kd8 22. Re8# { Black checkmated } 1-0

[Event "ICC tourney 2530 (3 2)"]
[Site "Internet Chess Club"]
[Date "2021.04.23"]
[Round "7"]
[White "DAS, ROMIR:K09-17353705"]
[Black "BALAKRISHNAN, NAVEEN:K09-15197624"]
[Result "0-1"]
[ICCResult "White checkmated"]
[WhiteElo "1400"]
[BlackElo "1400"]
[Opening "Sicilian defense"]
[ECO "B20"]
[NIC "SI.48"]
[Time "19:47:25"]
[PlyCount "58"]
[TimeControl "180+2"]

1. e4 c5 2. Bc4 e6 3. Nf3 Nc6 4. Nc3 a6 5. a4 Nge7 6. d3 g6 7. Bg5 Bg7 8.
d4 Nxd4 9. Nxd4 Bxd4 10. Ne2 Bxb2 11. Rb1 Bg7 12. Rb3 O-O 13. Nc3 Bxc3+ 14.
Rxc3 Qa5 15. Kd2 f6 16. Bh6 Rd8 17. Qg4 d5 18. exd5 Nxd5 19. Bxd5 Rxd5+ 20.
Ke2 Qxc3 21. Qf4 Qxc2+ 22. Ke3 Rd3+ 23. Ke4 f5+ 24. Ke5 Rd5+ 25. Kf6 Qc3+
26. Ke7 Rd7+ 27. Kxe6 Rd4+ 28. Ke5 Rd8+ 29. Qd4 Qxd4# { White checkmated }
0-1

[Event "ICC tourney 2530 (3 2)"]
[Site "Internet Chess Club"]
[Date "2021.04.23"]
[Round "7"]
[White "BHARGAVA, ANISH:K09-17325854"]
[Black "SEO, CHRISTOPHER:K12-15644992"]
[Result "0-1"]
[ICCResult "White resigns"]
[WhiteElo "1400"]
[BlackElo "1400"]
[Opening "Robatsch (modern) defense"]
[ECO "B06"]
[NIC "KF.06"]
[Time "19:47:51"]
[PlyCount "72"]
[TimeControl "180+2"]

1. e4 g6 2. Nf3 Bg7 3. Nc3 d6 4. Nd5 c6 5. Nc3 Nf6 6. d3 Bg4 7. Bg5 Qb6 8.
Qc1 Bxf3 9. gxf3 Nbd7 10. Qf4 Qxb2 11. Qc1 Qxc3+ 12. Kd1 h6 13. Qd2 Qxd2+
14. Kxd2 hxg5 15. Bh3 Rxh3 16. Kc3 Rxf3 17. Rab1 O-O-O 18. Rhg1 Rxf2 19.
Rg3 Rxh2 20. Rbg1 d5 21. Rxg5 dxe4 22. dxe4 Nxe4+ 23. Kd3 Nxg5 24. Rxg5
Rh3+ 25. Ke4 Nf6+ 26. Kf4 Rh4+ 27. Kg3 Rg4+ 28. Kf3 e5 29. Rxe5 Ne4 30.
Kxg4 Bxe5 31. c3 Rd2 32. a3 Rd3 33. c4 Rxa3 34. c5 Nd6 35. Kh4 b6 36. Kg5
b5 { White resigns } 0-1

[Event "ICC tourney 2530 (3 2)"]
[Site "Internet Chess Club"]
[Date "2021.04.23"]
[Round "7"]
[White "ALEXANDER MORGAN, CAMERON:K09-15934151"]
[Black "XU, JAYDEN:K12-15918365"]
[Result "1-0"]
[ICCResult "Black resigns"]
[WhiteElo "1400"]
[BlackElo "1400"]
[Opening "Sicilian: Alapin's variation (2.c3)"]
[ECO "B22"]
[NIC "SI.46"]
[Time "19:47:06"]
[PlyCount "61"]
[TimeControl "180+2"]

1. e4 c5 2. c3 d6 3. d4 cxd4 4. cxd4 Nf6 5. Nc3 e5 6. dxe5 dxe5 7. Qxd8+
Kxd8 8. Nf3 Nc6 9. Bb5 Bd7 10. Bxc6 Bxc6 11. Nxe5 Ke8 12. Nxc6 bxc6 13. Bg5
Bb4 14. Bxf6 gxf6 15. a3 Bxc3+ 16. bxc3 Kf8 17. Ke2 Kg7 18. Rhd1 Rhe8 19.
f3 Rab8 20. Rd7 Rb3 21. c4 Rc3 22. Rxa7 Rxc4 23. Ke3 Rd8 24. Rb1 Rc2 25.
Rbb7 Rxg2 26. Rxf7+ Kg8 27. Rxh7 Rdd2 28. Rhf7 Rge2+ 29. Kf4 Rxh2 30. Rxf6
Rdf2 31. Rxc6 { Black resigns } 1-0

[Event "ICC tourney 2530 (3 2)"]
[Site "Internet Chess Club"]
[Date "2021.04.23"]
[Round "7"]
[White "KINI, SIDDHARTH:K09-15628986"]
[Black "KIM, LEO:K09-17247615"]
[Result "1-0"]
[ICCResult "Black checkmated"]
[WhiteElo "1400"]
[BlackElo "1400"]
[Opening "Caro-Kann: exchange variation"]
[ECO "B13"]
[NIC "CK.02"]
[Time "19:47:21"]
[PlyCount "95"]
[TimeControl "180+2"]

1. e4 c6 2. d4 d5 3. exd5 cxd5 4. Nf3 Nc6 5. Nc3 Nf6 6. Bd3 g6 7. Bf4 Bg7
8. Qd2 O-O 9. Bh6 Bxh6 10. Qxh6 Bg4 11. Ng5 Nxd4 12. h3 Be6 13. Ne2 Qb6 14.
Nxd4 Qxd4 15. O-O-O Rac8 16. Bxg6 hxg6 17. Rxd4 Rc4 18. Rxc4 dxc4 19. Re1
Rd8 20. Nxe6 fxe6 21. Rxe6 Re8 22. Qxg6+ Kf8 23. Rxf6+ exf6 24. Qxf6+ Kg8
25. Qg5+ Kf8 26. Qc5+ Kg8 27. Qxc4+ Kg7 28. Qd4+ Kf8 29. Qxa7 Re2 30. Qc5+
Kg7 31. Qd4+ Kf8 32. Qb4+ Kg7 33. Qg4+ Kf8 34. Qxe2 Kf7 35. Kd2 Kg6 36. Kd3
Kf5 37. Qe4+ Kf6 38. Kd4 Kg5 39. Kd5 Kf6 40. Qe5+ Kg6 41. Ke4 Kf7 42. Kf5
Kg8 43. Qe6+ Kf8 44. Kf6 b5 45. Qe7+ Kg8 46. Kg6 b4 47. Qf7+ Kh8 48. Qg7# {
Black checkmated } 1-0

[Event "ICC tourney 2530 (3 2)"]
[Site "Internet Chess Club"]
[Date "2021.04.23"]
[Round "7"]
[White "PANIKKATH, ADITYA:K09-30103787"]
[Black "DORON-REPA, HILLEL:K03-16771628"]
[Result "1-0"]
[ICCResult "Black checkmated"]
[WhiteElo "1400"]
[BlackElo "1400"]
[Opening "Sicilian"]
[ECO "B56"]
[NIC "SI.25"]
[Time "19:47:24"]
[PlyCount "135"]
[TimeControl "180+2"]

1. e4 c5 2. Nf3 d6 3. d4 cxd4 4. Nxd4 Nf6 5. Nc3 Nc6 6. Nxc6 bxc6 7. f3 e6
8. Bg5 Be7 9. Qd2 Bb7 10. O-O-O O-O 11. Bxf6 Bxf6 12. Qxd6 Qb6 13. Qa3 Rab8
14. Na4 Qb4 15. Qxb4 Ba6 16. Qa3 Bb5 17. Bxb5 cxb5 18. Nc5 b4 19. Qb3 a5
20. Nd7 a4 21. Qxa4 Ra8 22. Qxa8 Rxa8 23. Nxf6+ gxf6 24. Kb1 Kg7 25. Rd7
Kg6 26. Rhd1 Rc8 27. Rb7 Rc4 28. Rdd7 f5 29. exf5+ exf5 30. Rxf7 Rd4 31.
Rg7+ Kf6 32. Rbf7+ Ke6 33. Rd7 Rh4 34. Rxh7 Rc4 35. Rd1 Rc5 36. Re1+ Kd5
37. b3 Kc6 38. Rh5 Rd5 39. Rh6+ Kc5 40. Ree6 Rd1+ 41. Kb2 Rd2 42. Rc6+ Kb5
43. Rb6+ Ka5 44. Ra6+ Kb5 45. Rhb6+ Kc5 46. Rf6 Rxg2 47. Rxf5+ Kd4 48. Rd6+
Ke3 49. Re6+ Kd4 50. Rff6 Rxh2 51. Rf4+ Kd5 52. Ref6 Kc5 53. R6f5+ Kd6 54.
Rxb4 Ke6 55. Ra5 Rh7 56. Rb6+ Kf7 57. Ra7+ Kg8 58. Rxh7 Kxh7 59. Rb7+ Kg6
60. a4 Kg5 61. a5 Kf4 62. a6 Kxf3 63. a7 Kf4 64. a8=Q Kf5 65. Qe8 Kf4 66.
Rf7+ Kg5 67. Qg8+ Kh6 68. Rh7# { Black checkmated } 1-0

[Event "ICC tourney 2530 (3 2)"]
[Site "Internet Chess Club"]
[Date "2021.04.23"]
[Round "7"]
[White "MICHAEL BAR, NATHAN:K09-30163724"]
[Black "LIU, CATHERINE:K09-15277304"]
[Result "0-1"]
[ICCResult "White checkmated"]
[WhiteElo "1400"]
[BlackElo "1400"]
[Opening "Sicilian: Alapin's variation (2.c3)"]
[ECO "B22"]
[NIC "SI.46"]
[Time "19:47:13"]
[PlyCount "54"]
[TimeControl "180+2"]

1. e4 c5 2. c3 e6 3. d4 a6 4. Nf3 b5 5. Bf4 Bb7 6. Nbd2 d6 7. Be2 Be7 8.
O-O Nc6 9. dxc5 dxc5 10. c4 Nf6 11. cxb5 axb5 12. Bxb5 O-O 13. e5 Nd5 14.
Bg3 Qc7 15. Re1 f6 16. exf6 Bd6 17. Rxe6 Bxg3 18. fxg3 Nxf6 19. Qe2 Nd4 20.
Nxd4 cxd4 21. Re1 Qc5 22. Re7 d3+ 23. Kh1 dxe2 24. R1xe2 Qxb5 25. R2e5 Qxb2
26. Re1 Qxd2 27. h3 Qxg2# { White checkmated } 0-1

[Event "ICC tourney 2530 (3 2)"]
[Site "Internet Chess Club"]
[Date "2021.04.23"]
[Round "7"]
[White "WANG, OLLI:K09-17042860"]
[Black "ANANTHARAMAN, AASHISH:K09-15992442"]
[Result "0-1"]
[ICCResult "White forfeits on time"]
[WhiteElo "1400"]
[BlackElo "1400"]
[Opening "Caro-Kann: exchange variation"]
[ECO "B13"]
[NIC "CK.02"]
[Time "19:47:05"]
[PlyCount "50"]
[TimeControl "180+2"]

1. e4 c6 2. d4 d5 3. exd5 cxd5 4. Nc3 Nc6 5. Nf3 Bg4 6. Be2 e6 7. O-O Bd6
8. Be3 Nf6 9. Re1 O-O 10. Ng5 Bxe2 11. Qxe2 h6 12. Nf3 a6 13. a3 b5 14. Qd3
Na5 15. b4 Nc4 16. h3 Rc8 17. Nd2 Qb6 18. Nxc4 Rxc4 19. Bd2 Qxd4 20. Qxd4
Rxd4 21. Be3 Rc4 22. Bd2 Rfc8 23. g3 Rxc3 24. Bxc3 Rxc3 25. Re2 Ne4 { White
forfeits on time } 0-1

[Event "ICC tourney 2530 (3 2)"]
[Site "Internet Chess Club"]
[Date "2021.04.23"]
[Round "7"]
[White "BIRADAVOLU, ASRITH:K12-14190950"]
[Black "MARIAN, AARON:K09-15799497"]
[Result "1-0"]
[ICCResult "Black checkmated"]
[WhiteElo "1400"]
[BlackElo "1400"]
[Opening "French: advance, Paulsen attack"]
[ECO "C02"]
[NIC "FR.03"]
[Time "19:47:56"]
[PlyCount "59"]
[TimeControl "180+2"]

1. e4 e6 2. d4 d5 3. e5 c5 4. c3 Nc6 5. Nf3 cxd4 6. cxd4 Bb4+ 7. Nc3 Nge7
8. Be2 Nf5 9. a3 Ba5 10. b4 Bb6 11. Be3 Nh4 12. Nxh4 Qxh4 13. g3 Qh3 14.
Bf1 Qf5 15. Bd3 Qh3 16. Bf1 Qf5 17. Be2 Qh3 18. Nb5 O-O 19. Nd6 f6 20. Bf1
Qxf1+ 21. Kxf1 fxe5 22. dxe5 Bxe3 23. Ra2 Nxe5 24. Kg2 Bb6 25. Re1 Nc4 26.
Nxc8 Raxc8 27. Rxe6 Rce8 28. Qxd5 Bxf2 29. Rxe8+ Kh8 30. Rxf8# { Black
checkmated } 1-0

[Event "ICC tourney 2530 (3 2)"]
[Site "Internet Chess Club"]
[Date "2021.04.23"]
[Round "7"]
[White "KLEIN, ISAAC:K09-17334355"]
[Black "ELIAS FALL, KHADIM:K09-15886147"]
[Result "1-0"]
[ICCResult "Black checkmated"]
[WhiteElo "1259"]
[BlackElo "1400"]
[Opening "Two knights defense (Modern bishop's opening)"]
[ECO "C55"]
[NIC "IG.01"]
[Time "19:47:59"]
[PlyCount "43"]
[TimeControl "180+2"]

1. e4 e5 2. Nf3 Nc6 3. Bc4 Nf6 4. d3 Bb4+ 5. c3 Bc5 6. Be3 O-O 7. Bxc5 d6
8. Be3 Bg4 9. h3 Bxf3 10. Qxf3 Qd7 11. Bg5 Na5 12. Bxf6 Nxc4 13. dxc4 gxf6
14. Qxf6 Qc6 15. Qf3 Rae8 16. b3 Re6 17. Nd2 a6 18. O-O Re7 19. Qf6 Qd7 20.
Qg5+ Kh8 21. Qh6 Re6 22. Qxf8# { Black checkmated } 1-0

[Event "ICC tourney 2530 (3 2)"]
[Site "Internet Chess Club"]
[Date "2021.04.23"]
[Round "7"]
[White "SUVOROV, ZACHARY:K12-30101116"]
[Black "YANG, ANDREW:K09-16578406"]
[Result "1-0"]
[ICCResult "Black forfeits on time"]
[WhiteElo "1400"]
[BlackElo "1400"]
[Opening "King's pawn opening"]
[ECO "B07"]
[NIC "VO.17"]
[Time "19:47:59"]
[PlyCount "29"]
[TimeControl "180+2"]

1. e4 d6 2. Nf3 Nf6 3. e5 dxe5 4. Nxe5 Bf5 5. Bc4 e6 6. Bb5+ c6 7. Bc4 Bd6
8. d4 Bxe5 9. Nc3 Qxd4 10. O-O Qxc4 11. Bd2 O-O 12. b3 Qc5 13. Be3 Qxc3 14.
Bd2 Qxc2 15. Qf3 { Black forfeits on time } 1-0

[Event "ICC tourney 2530 (3 2)"]
[Site "Internet Chess Club"]
[Date "2021.04.23"]
[Round "7"]
[White "CHA, SAMUEL:K12-30048965"]
[Black "MALLADI, SADKRITH:K09-15797710"]
[Result "0-1"]
[ICCResult "White checkmated"]
[WhiteElo "1165"]
[BlackElo "1400"]
[Opening "Sicilian defense"]
[ECO "B30"]
[NIC "SI.31"]
[Time "19:47:20"]
[PlyCount "62"]
[TimeControl "180+2"]

1. e4 c5 2. Nf3 Nc6 3. Bc4 Nf6 4. Nc3 e6 5. d3 Be7 6. Bf4 d5 7. exd5 exd5
8. Bb3 O-O 9. O-O h6 10. Re1 Be6 11. Re2 a6 12. a4 Qd7 13. Qd2 Bd6 14. Bxh6
gxh6 15. Qxh6 Nh7 16. Ng5 Nxg5 17. Qxg5+ Kh7 18. Nxd5 Bxd5 19. Bxd5 f6 20.
Qh5+ Kg7 21. Re4 Ne5 22. Rae1 Rh8 23. Qd1 Ng6 24. g3 Qh3 25. Bxb7 Qxh2+ 26.
Kf1 Rab8 27. Bxa6 Rxb2 28. Qg4 Rxc2 29. Qd7+ Kh6 30. Rh4+ Nxh4 31. Qc6
Qxf2# { White checkmated } 0-1

[Event "ICC tourney 2530 (3 2)"]
[Site "Internet Chess Club"]
[Date "2021.04.23"]
[Round "7"]
[White "NIRAG SHAH, ARYA:K12-17096474"]
[Black "SIDDIQI, AMAN:K09-30165568"]
[Result "1-0"]
[ICCResult "Black checkmated"]
[WhiteElo "1400"]
[BlackElo "1144"]
[Opening "Queen's pawn, Mason variation, Steinitz counter-gambit"]
[ECO "D00"]
[NIC "QP.08"]
[Time "19:47:03"]
[PlyCount "87"]
[TimeControl "180+2"]

1. d4 d5 2. Bf4 c5 3. e3 Qb6 4. Nc3 e6 5. Nb5 Na6 6. c3 c4 7. a4 Bd7 8. Nf3
Bxb5 9. axb5 Qxb5 10. Qc2 Nf6 11. Be2 Be7 12. O-O O-O 13. Rfb1 Qd7 14. b3
b5 15. Rxa6 Ne4 16. bxc4 bxc4 17. Ne5 Qc8 18. Rc6 Qd8 19. Bxc4 Rc8 20. Rxc8
Qxc8 21. Bd3 Bd6 22. Bxe4 dxe4 23. c4 f6 24. Ng4 Bxf4 25. exf4 e5 26. fxe5
Qxg4 27. exf6 gxf6 28. Re1 Rc8 29. c5 f5 30. h3 Qg7 31. Qc4+ Kf8 32. c6 Qf7
33. Qc5+ Qe7 34. Qxf5+ Qf7 35. Qxc8+ Qe8 36. Qxe8+ Kxe8 37. Rxe4+ Kd8 38.
d5 Kc7 39. Re7+ Kd6 40. Rd7+ Kc5 41. c7 Kb6 42. c8=Q Ka5 43. Qc5+ Ka6 44.
Rxa7# { Black checkmated } 1-0

[Event "ICC tourney 2530 (3 2)"]
[Site "Internet Chess Club"]
[Date "2021.04.23"]
[Round "7"]
[White "SAI TUBATI, TARUN:K09-16761313"]
[Black "REDDY ALEGONDA, ADVIK:K09-30160404"]
[Result "1-0"]
[ICCResult "Black checkmated"]
[WhiteElo "1400"]
[BlackElo "1400"]
[Opening "French: Steinitz variation"]
[ECO "C11"]
[NIC "FR.01"]
[Time "19:47:24"]
[PlyCount "51"]
[TimeControl "180+2"]

1. e4 e6 2. d4 Nf6 3. Nc3 d5 4. e5 Nc6 5. exf6 gxf6 6. Nf3 Bh6 7. Bxh6 e5
8. dxe5 fxe5 9. Bg7 Rg8 10. Bxe5 Qe7 11. Qe2 Rg6 12. O-O-O Re6 13. Rxd5
Nxe5 14. Nxe5 Rxe5 15. Rxe5 f6 16. Rxe7+ Kf8 17. Re8+ Kf7 18. Qe7+ Kg6 19.
Qf8 Kf5 20. Rxc8 Rxc8 21. Qxc8+ Kg5 22. h4+ Kf4 23. g3+ Ke5 24. Qxc7+ Kd4
25. Bh3 f5 26. Rd1# { Black checkmated } 1-0

[Event "ICC tourney 2530 (3 2)"]
[Site "Internet Chess Club"]
[Date "2021.04.23"]
[Round "7"]
[White "SREEJAN BAYYARAPU, MOHIT:K09-15582120"]
[Black "SAFRANEK, WILLIAM:K09-15106903"]
[Result "1-0"]
[ICCResult "Black checkmated"]
[WhiteElo "1400"]
[BlackElo "1400"]
[Opening "Giuoco Pianissimo"]
[ECO "C55"]
[NIC "IG.01"]
[Time "19:47:23"]
[PlyCount "83"]
[TimeControl "180+2"]

1. e4 e5 2. Nf3 Nc6 3. Bc4 Nf6 4. d3 Bc5 5. c3 a6 6. Bb3 d6 7. O-O Ba7 8.
Nbd2 O-O 9. Re1 Be6 10. Nf1 Qd7 11. Ng3 Bg4 12. h3 Bxh3 13. gxh3 Qxh3 14.
Be3 Bxe3 15. Rxe3 Ng4 16. Re2 Ne7 17. Qf1 Qh6 18. Qg2 Ng6 19. Nf5 Qh5 20.
Qh1 Nh2 21. Qxh2 Qxf3 22. Re3 Qg4+ 23. Rg3 Qe2 24. Rxg6 Kh8 25. Rxg7 h5 26.
Bxf7 Rxf7 27. Rxf7 Rg8+ 28. Rg7 Rxg7+ 29. Nxg7 Kxg7 30. Qg2+ Kf7 31. f4
Qxd3 32. Rf1 exf4 33. Rxf4+ Ke8 34. Qg8+ Kd7 35. Qf7+ Kd8 36. Qg8+ Kd7 37.
Qf7+ Kd8 38. Qf6+ Kd7 39. Qf5+ Kd8 40. Qg5+ Kd7 41. Rf7+ Ke6 42. Qe7# {
Black checkmated } 1-0

[Event "ICC tourney 2530 (3 2)"]
[Site "Internet Chess Club"]
[Date "2021.04.23"]
[Round "7"]
[White "XIONG, LANG:K09-16344675"]
[Black "KUMAR TIBREWAL, AYUSH:K12-14952527"]
[Result "1-0"]
[ICCResult "Black resigns"]
[WhiteElo "1400"]
[BlackElo "1400"]
[Opening "Queen's pawn game, Chigorin variation"]
[ECO "D02"]
[NIC "QP.08"]
[Time "19:47:23"]
[PlyCount "85"]
[TimeControl "180+2"]

1. d4 d5 2. Nf3 Nc6 3. c4 dxc4 4. e4 Nf6 5. Nc3 Bg4 6. d5 Ne5 7. Qa4+ Ned7
8. Ne5 a6 9. Nxg4 Nxg4 10. Qxc4 b5 11. Qd4 Nge5 12. Bf4 Nc4 13. Bxc4 bxc4
14. Qxc4 e6 15. Qxc7 exd5 16. Qxd8+ Rxd8 17. Nxd5 Bc5 18. O-O O-O 19. Rac1
Rc8 20. Rfd1 Rfe8 21. Nc3 Nf6 22. e5 Ng4 23. Bg3 Nxe5 24. Bxe5 Rxe5 25. Na4
g6 26. b4 Bxf2+ 27. Kxf2 Rf5+ 28. Kg3 Rxc1 29. Rxc1 h5 30. Nc5 Rf6 31. Ne4
Re6 32. Kf4 Kg7 33. Rc7 Rb6 34. a3 a5 35. bxa5 Rb3 36. a6 Rxa3 37. a7 Ra2
38. Ke5 Ra5+ 39. Kd6 Kf8 40. Rc8+ Kg7 41. a8=Q Rxa8 42. Rxa8 g5 43. Nxg5 {
Black resigns } 1-0

[Event "ICC tourney 2530 (3 2)"]
[Site "Internet Chess Club"]
[Date "2021.04.23"]
[Round "7"]
[White "EILEEN MILLER, ANNA:K09-16812002"]
[Black "SAXENA, PRATHAM:K09-30155954"]
[Result "1-0"]
[ICCResult "Black forfeits on time"]
[WhiteElo "1400"]
[BlackElo "1400"]
[Opening "Four knights: Spanish variation"]
[ECO "C48"]
[NIC "KP.03"]
[Time "19:47:06"]
[PlyCount "69"]
[TimeControl "180+2"]

1. e4 e5 2. Nf3 Nc6 3. Nc3 Nf6 4. Bb5 Qe7 5. O-O Qe6 6. Re1 a6 7. Bxc6 Qxc6
8. Nxe5 Qe6 9. Nf3 Qd6 10. e5 Qc6 11. exf6+ Kd8 12. fxg7 Bxg7 13. d4 Qd6
14. Ng5 Qf8 15. Bf4 d6 16. Qh5 Be6 17. Rxe6 fxe6 18. Nxe6+ Kc8 19. Nxf8
Bxf8 20. Qf5+ Kb8 21. Re1 Ka7 22. d5 Bg7 23. Be3+ b6 24. Qd7 Rac8 25. Qxg7
a5 26. Na4 Ka6 27. h3 c5 28. Bf4 b5 29. Nc3 b4 30. Na4 Kb5 31. Qb7+ Kxa4
32. b3+ Ka3 33. Bc1+ Kxa2 34. Qa6 Ra8 35. Qb5 { Black forfeits on time }
1-0

[Event "ICC tourney 2530 (3 2)"]
[Site "Internet Chess Club"]
[Date "2021.04.23"]
[Round "7"]
[White "ADEWUMI, TANITOLUWA:K12-16649696"]
[Black "T FEDDERSEN, NICHOLAS:K09-17108237"]
[Result "1-0"]
[ICCResult "Black resigns"]
[WhiteElo "1400"]
[BlackElo "1400"]
[Opening "Caro-Kann: classical variation"]
[ECO "B18"]
[NIC "CK.10"]
[Time "19:47:22"]
[PlyCount "81"]
[TimeControl "180+2"]

1. e4 c6 2. d4 d5 3. Nd2 dxe4 4. Nxe4 Bf5 5. Ng3 Bg6 6. Nf3 Nf6 7. h4 h6 8.
Ne5 Bh7 9. Bc4 e6 10. Bg5 Be7 11. c3 Nbd7 12. f4 Nd5 13. Bxe7 Qxe7 14. Nh5
Ne3 15. Qe2 Nc2+ 16. Kf2 Nxa1 17. Nxg7+ Kf8 18. Nxd7+ Qxd7 19. Qe5 Bf5 20.
Nxf5 Rg8 21. Nxh6 Rg6 22. Qh8+ Ke7 23. Nf5+ exf5 24. Qxa8 Nc2 25. Qh8 b5
26. Bd3 Qd5 27. Qe5+ Qxe5 28. fxe5 Nxd4 29. cxd4 Ke6 30. h5 Rh6 31. Kf3 Kd5
32. Bxf5 Kxd4 33. Kf4 c5 34. g4 Kd5 35. g5 Rh8 36. h6 c4 37. h7 Kc6 38. e6
fxe6 39. Bxe6 Kd6 40. g6 Kxe6 41. g7 { Black resigns } 1-0

[Event "ICC tourney 2530 (3 2)"]
[Site "Internet Chess Club"]
[Date "2021.04.23"]
[Round "7"]
[White "GUO, JUNHUI:K09-30160929"]
[Black "TRAN, NUGEN:K09-16809941"]
[Result "0-1"]
[ICCResult "White forfeits on time"]
[WhiteElo "1400"]
[BlackElo "1400"]
[Opening "Nimzo-Indian: Sämisch variation"]
[ECO "E27"]
[NIC "NI.18"]
[Time "19:47:24"]
[PlyCount "56"]
[TimeControl "180+2"]

1. d4 Nf6 2. c4 e6 3. Nc3 Bb4 4. a3 Bxc3+ 5. bxc3 O-O 6. f3 d5 7. cxd5 exd5
8. Bg5 h6 9. Bf4 Re8 10. e3 g5 11. Be5 Nbd7 12. Bxf6 Qxf6 13. Qd2 c5 14.
Bb5 cxd4 15. cxd4 a6 16. Ba4 b5 17. Bb3 Nb6 18. Ne2 Bf5 19. O-O Rac8 20.
Nc3 Qe6 21. Rfe1 Nc4 22. Bxc4 bxc4 23. e4 dxe4 24. fxe4 Bg6 25. Rad1 Qg4
26. e5 Bd3 27. Re3 Qxd4 28. Ne2 Qd5 { White forfeits on time } 0-1

[Event "ICC tourney 2530 (3 2)"]
[Site "Internet Chess Club"]
[Date "2021.04.23"]
[Round "7"]
[White "MATHIYAZHAGAN, ASHRITH:K09-15357100"]
[Black "Y NG, EUGENE:K09-17199947"]
[Result "0-1"]
[ICCResult "White forfeits on time"]
[WhiteElo "1400"]
[BlackElo "1400"]
[Opening "Scandinavian: Marshall variation"]
[ECO "B01"]
[NIC "SD.03"]
[Time "19:47:11"]
[PlyCount "60"]
[TimeControl "180+2"]

1. e4 d5 2. exd5 Nf6 3. d4 Nxd5 4. c4 Nf6 5. Nc3 Bf5 6. Nf3 e6 7. Be2 Bb4
8. O-O O-O 9. Bg5 h6 10. Bh4 Be7 11. Bg3 c5 12. Nb5 cxd4 13. Nfxd4 Bg6 14.
Nc7 Nc6 15. Nxc6 bxc6 16. Nxa8 Qxa8 17. Bf3 Ne4 18. Re1 Nxg3 19. hxg3 Qb7
20. Qa4 Qxb2 21. Qxc6 Bb4 22. Red1 Bc3 23. Be4 Bh5 24. f3 Bd4+ 25. Kh2 Be5
26. Qc5 f5 27. Bd3 Bxf3 28. Qg1 f4 29. Rab1 fxg3+ 30. Kh1 Bd4 { White
forfeits on time } 0-1

[Event "ICC tourney 2530 (3 2)"]
[Site "Internet Chess Club"]
[Date "2021.04.23"]
[Round "7"]
[White "B LANCMAN, KYLE:K12-15146021"]
[Black "SILVA, JAVIER:K09-16089208"]
[Result "1-0"]
[ICCResult "Black checkmated"]
[WhiteElo "1400"]
[BlackElo "1400"]
[Opening "Caro-Kann: exchange, Rubinstein variation"]
[ECO "B13"]
[NIC "CK.02"]
[Time "19:47:06"]
[PlyCount "87"]
[TimeControl "180+2"]

1. e4 c6 2. d4 d5 3. exd5 cxd5 4. Bd3 Nf6 5. c3 Nc6 6. Bf4 e6 7. Nf3 Bd6 8.
Bxd6 Qxd6 9. O-O O-O 10. Nbd2 Re8 11. Re1 b6 12. Ne5 Bb7 13. f4 Nd7 14.
Bxh7+ Kf8 15. Qh5 Ndxe5 16. fxe5 Qe7 17. Rf1 Qc7 18. Bg6 Nd8 19. Qh8+ Ke7
20. Qxg7 Rf8 21. Rf6 Ba6 22. Nf3 Ke8 23. Ng5 Qe7 24. Nh7 Rc8 25. Qxf8+ Qxf8
26. Nxf8 Kxf8 27. Rd1 Ke7 28. Bd3 Bxd3 29. Rxd3 Nc6 30. Rdf3 Rf8 31. g4 Nd8
32. g5 Rg8 33. h4 Rh8 34. R6f4 Rg8 35. Kh2 Kf8 36. Kh3 Kg7 37. Kg4 Rh8 38.
h5 a5 39. h6+ Kg8 40. Kh5 Rh7 41. g6 Rh8 42. h7+ Kg7 43. Rxf7+ Nxf7 44.
Rxf7# { Black checkmated } 1-0

[Event "ICC tourney 2530 (3 2)"]
[Site "Internet Chess Club"]
[Date "2021.04.23"]
[Round "7"]
[White "GUERRERIO, CHRISTOPHER:K09-16206065"]
[Black "V MEHTA, SOHUM:K09-15597521"]
[Result "0-1"]
[ICCResult "White checkmated"]
[WhiteElo "1108"]
[BlackElo "1400"]
[Opening "QGD: Cambridge Springs defense"]
[ECO "D52"]
[NIC "QO.15"]
[Time "19:47:21"]
[PlyCount "80"]
[TimeControl "180+2"]

1. d4 d5 2. c4 e6 3. Nc3 Nf6 4. Bg5 Nbd7 5. Nf3 c6 6. e3 Qa5 7. a3 Ne4 8.
Qc2 Nb6 9. b4 Qa6 10. c5 Nc4 11. Ne5 Nxg5 12. Ne2 Nxe5 13. Nf4 Nc4 14. Nd3
b5 15. Be2 Ne4 16. Nb2 Nxb2 17. Qxb2 Qb7 18. O-O Bd7 19. f3 Nf6 20. Bd3 Be7
21. e4 dxe4 22. fxe4 O-O 23. e5 Nd5 24. Qc2 h6 25. Qe2 Bg5 26. Qe4 f5 27.
exf6 Nxf6 28. Rxf6 Rxf6 29. Qh7+ Kf7 30. Rf1 Be3+ 31. Kh1 Rxf1+ 32. Bxf1
Rf8 33. Bd3 Bxd4 34. Qg6+ Ke7 35. h3 Qc7 36. Qg4 Qe5 37. Qh4+ g5 38. Qxh6
Qe1+ 39. Kh2 Be5+ 40. g3 Rf2# { White checkmated } 0-1

[Event "ICC tourney 2530 (3 2)"]
[Site "Internet Chess Club"]
[Date "2021.04.23"]
[Round "7"]
[White "LAD, DALTON:K12-16754385"]
[Black "MUTHUKUMARAN, ARJUN:K09-30018527"]
[Result "1-0"]
[ICCResult "Black resigns"]
[WhiteElo "1400"]
[BlackElo "1400"]
[Opening "QGD"]
[ECO "D30"]
[NIC "QP.08"]
[Time "19:47:10"]
[PlyCount "113"]
[TimeControl "180+2"]

1. d4 d5 2. c4 e6 3. Nf3 Nf6 4. Bg5 Be7 5. e3 O-O 6. Bd3 Nc6 7. O-O Nb4 8.
Be2 Ne4 9. Bxe7 Qxe7 10. a3 Nc6 11. Nc3 Rd8 12. Bd3 f5 13. Qb3 Ng5 14. Nxg5
Qxg5 15. cxd5 exd5 16. Nxd5 Be6 17. f4 Bxd5 18. Qxd5+ Rxd5 19. fxg5 Rd6 20.
Rxf5 g6 21. Rf6 Rxf6 22. gxf6 Kf7 23. Rf1 Re8 24. Bc4+ Kf8 25. Rf3 a6 26.
Rh3 Na5 27. Ba2 h5 28. g4 Re4 29. gxh5 Rg4+ 30. Kf2 gxh5 31. Rxh5 Rg8 32.
Bxg8 Kxg8 33. Rf5 Kf7 34. e4 Nc4 35. b3 Nxa3 36. d5 Nb5 37. e5 c6 38. e6+
Kf8 39. dxc6 bxc6 40. e7+ Ke8 41. Rg5 Nd6 42. Rg8+ Kf7 43. Rf8+ Ke6 44.
e8=Q+ Nxe8 45. Rxe8+ Kxf6 46. Rc8 c5 47. Rxc5 Kf7 48. Ra5 Ke7 49. Rxa6 Kd7
50. h4 Ke7 51. h5 Kd7 52. Rg6 Ke7 53. h6 Kf7 54. Rg1 Ke6 55. h7 Ke5 56.
h8=Q+ Kd5 57. Rg4 { Black resigns } 1-0